 Dungeon Crawl Stone Soup version 0.27.0-1-g7a089689b8 (webtiles) character file.

Game seed: 9056824503256847674

128 sanka the Ducker (level 4, -3/26 HPs)
             Began as a Deep Elf Brigand on Aug 7, 2021.
             Shot with an arrow by a centaur (7 damage)
             ... on level 5 of the Dungeon.
             The game lasted 00:05:20 (4227 turns).

sanka the Ducker (Deep Elf Brigand)                 Turns: 4227, Time: 00:05:20

Health: -3/26      AC:  4    Str:  8    XL:     4   Next: 87%
Magic:  6/6        EV: 14    Int: 17    God:
Gold:   138        SH:  0    Dex: 16    Spells: 3/3 levels left

rFire    . . .     SeeInvis .   j - +2 short sword (venom)
rCold    . . .     Faith    .   (no shield)
rNeg     . . .     Spirit   .   b - +0 robe
rPois    .         Reflect  .   (no helmet)
rElec    .         Harm     .   c - +0 cloak
rCorr    .         Rampage  .   i - +0 pair of gloves
Will     .....                  (no boots)
Stlth    +++.......             (no amulet)
HPRegen  0.08/turn              (no ring)
MPRegen  0.10/turn              (no ring)

@: no status effects
A: no striking features
a: no special abilities


You were on level 5 of the Dungeon.
You visited 2 branches of the dungeon, and saw 7 of its levels.

You collected 138 gold pieces.


   Skills:
 - Level 2.0 Fighting
 - Level 2.0 Short Blades
 - Level 2.0 Throwing
 + Level 5.5 Dodging
 - Level 4.8 Stealth


You had 3 spell levels left.
You didn't know any spells.
Your spell library was empty.

Inventory:

Hand Weapons
 a - a +2 dagger
 j - a +2 short sword of venom (weapon)
Missiles
 d - 8 poisoned darts (quivered)
 e - 7 curare-tipped darts {=f}
Armour
 b - a +0 robe (worn)
 c - a +0 cloak (worn)
 i - a +0 pair of gloves (worn)
Jewellery
 m - a ring of fire
 s - an amulet of faith
Wands
 o - a wand of digging (4)
Scrolls
 h - 2 scrolls of blinking {unknown}
 k - 2 scrolls of fear {unknown}
 l - a scroll of immolation {unknown}
 n - a scroll of magic mapping {unknown}
 q - a scroll of teleportation {unknown}
Potions
 f - a potion of haste {@q3}
 g - a potion of mutation {unknown}
 p - a potion of curing {unknown}
 r - a potion of ambrosia {unknown}

Dungeon Overview and Level Annotations

Branches:
Dungeon (6/15)             Temple (1/1) D:4

Altars:
Ashenzari
Dithmenos
Fedhas
Kikubaaqudgha
Nemelex Xobeh
Okawaru
Qazlal
Ru
Trog
Wu Jian
Xom
Yredelemnul
The Shining One

Annotations:
D:4 exclusion: black bear

▒). ▒..▒▒...▒
▒ ▒..▒▒...▒
▒▒.
▒▒▒▒▒.Y.Y...▒
...▒
▒....g...>..▒
.Z..▒▒▒
▒.g▒▒..▒▒...▒
▒.....
▒g.▒▒▒+▒▒...▒
▒▒.....▒▒..▒▒
....▒
........W...▒
....▒
....<..e....▒
....▒
▒▒.....▒▒..▒▒
...▒ ▒.[...
▒..▒ ▒.....
..... ▒..c..
...... ▒.....
▒..▒▒▒▒
▒..... ▒▒▒
▒[....


You could see a phantom, a centaur, 2 gnolls and a scorpion zombie (dormant).


Message History

Found a dagger.
Really walk into that dispersal trap?
You enter a dispersal trap!
The ice beast blinks!
The gnoll blinks!
The phantom blinks!
The phantom blinks!
You blink.
Found 4 gold pieces.
Unknown command.
The phantom hits you!
* * * LOW HITPOINT WARNING * * *
The phantom blinks!
You blink.
Found a club.
Found a stone staircase leading down.
The gnoll misses you. The gnoll hits you with a +0 club.
* * * LOW HITPOINT WARNING * * *
A centaur comes into view.
Found a ring mail.
Found a stone staircase leading up.
A scorpion zombie comes into view.
The centaur shouts!
The centaur wields a +0 shortbow.
The centaur shoots an arrow.
The arrow closely misses you.
The centaur shoots an arrow.
The arrow hits you!
You die...

Action                   |  1- 3 |  4- 6 || total
-------------------------+-------+-------++-------
Melee: Dagger            |   101 |       ||   101
       Short sword       |    40 |    69 ||   109
 Stab: Sleeping          |     8 |     5 ||    13
Armor: Robe              |    24 |    15 ||    39
Dodge: Dodged            |    80 |    72 ||   152

Levels and vault maps discovered:
D:1:      moated_graveyard_arrival, layout_rooms,
          shapermc_ecumenical_altar_notcrosses
D:2:      layout_basic, basic_altar
D:3:      layout_basic
D:4:      layout_loops_ring, lemuel_temple_firewalk_a,
          chequers_hall_statues_wall_a
D:5:      layout_gridville, grunt_temple_overflow_lords_of_destruction,
          lemuel_doored_altar, chequers_temple_overflow_minitemple,
          gammafunk_ghost_nasty_kobolds, uniq_edmund
D:6:      layout_rooms, uniq_sigmund
Temple:   oiseaux_autumnal_temple

Notes
Turn   | Place    | Note
-------+----------+-------------------------------------------
     0 | D:1      | sanka the Deep Elf Brigand began the quest for the Orb.
     0 | D:1      | Reached XP level 1. HP: 12/12 MP: 3/3
   109 | D:1      | Reached skill level 2 in Dodging
   154 | D:1      | Reached XP level 2. HP: 13/16 MP: 4/4
   258 | D:1      | Reached skill level 3 in Dodging
   976 | D:1      | Reached XP level 3. HP: 13/20 MP: 5/5
  1077 | D:1      | Found a faded altar of an unknown god.
  1502 | D:1      | Reached skill level 4 in Dodging
  1723 | D:2      | Reached skill level 2 in Fighting
  1740 | D:2      | Reached XP level 4. HP: 21/26 MP: 6/6
  2150 | D:2      | Found a basalt altar of Yredelemnul.
  2855 | D:3      | Reached skill level 5 in Dodging
  3222 | D:4      | Noticed a black bear
  3671 | D:4      | Found a staircase to the Ecumenical Temple.
  3680 | Temple   | Entered the Ecumenical Temple
  4120 | D:6      | Noticed a kobold brigand
  4167 | D:5      | Entered Level 5 of the Dungeon
  4185 | D:5      | Noticed an ice beast
  4187 | D:6      | Noticed a sky beast
  4193 | D:5      | Noticed a phantom
  4225 | D:5      | Noticed a centaur
  4227 | D:5      | Shot with an arrow by a centaur

Vanquished Creatures
  3 gnolls
  2 adders
  2 dart slugs (D:2)
  An orc (D:3)
  7 ball pythons
  6 bats
  4 endoplasms
  2 giant cockroaches (D:1)
  3 goblins (D:1)
  6 hobgoblins
  19 jackals
  A quokka (D:2)
  2 frilled lizards (D:1)
  10 kobolds
  3 rats
71 creatures vanquished.
